 Dungeon Crawl Stone Soup version 0.31-a0-1467-g53b6572822 (webtiles) character file.

Game seed: 3241864958271695602

4440 fold the Grappler (level 10, -6/72 HPs)
             Began as an Octopode Shapeshifter on Dec 28, 2023.
             Was an Elder of Trog.
             Hit by a javelin thrown by a centaur (10 damage)
             ... in a bailey.
             The game lasted 00:12:07 (8960 turns).

fold the Grappler (Octopode Shapeshifter)           Turns: 8960, Time: 00:12:08

Health: -6/72      AC:  1    Str: 15    XL:     10   Next: 37%
Magic:  10/10      EV: 16    Int: 19    God:    Trog [****..]
Gold:   258        SH:  5    Dex: 14    Spells: 9/9 levels left

rFire   . .          .
                       - Unarmed
rCold   . . .        (no shield)
rNeg    + . .        (helmet currently unavailable)
rPois   .            t - amulet of reflection
rElec   .            (no ring)
rCorr   .            r - ring of willpower
SInv    .            o - ring of positive energy
Will    +....        v - +6 ring of intelligence
Stlth   +++          (no ring)
HPRegen 0.32/turn    (no ring)
MPRegen 0.12/turn    (no ring)
                     (no ring)

%: reflection
@: beast-form, hasted, very quick
A: beast (slay +3), almost no armour, amphibious, 8 rings, camouflage 1,
gelatinous body 1, nimble swimmer 1, tentacles
a: Begin Untransformation, Renounce Religion, Berserk, Trog's Hand, Brothers in
Arms


You were in a bailey.
You worshipped Trog.
Trog was greatly pleased with you.
You were a hulking beast.
You visited 1 branch of the dungeon, and saw 8 of its levels.
You also visited: Ossuary and Bailey.

You collected 328 gold pieces.
You spent 70 gold pieces at shops.

Inventory:

Jewellery
 n - a ring of fire
 o - a ring of positive energy (on tentacle)
 r - a ring of willpower (right tentacle)
 t - an amulet of reflection (around mantle)
 v - a +6 ring of intelligence (on tentacle)
Talismans
 b - a beast talisman (active)
 c - a flux talisman
Wands
 h - a wand of paralysis (2)
 i - a wand of roots (12)
 k - a wand of polymorph (2)
Scrolls
 e - a scroll of vulnerability
 j - 3 scrolls of poison {unknown}
 l - 2 scrolls of noise
 p - 2 scrolls of identify
 s - a scroll of enchant armour
 z - a scroll of teleportation
Potions
 a - a potion of lignification
 d - 4 potions of curing
 f - a potion of haste
 m - a potion of cancellation
 q - a potion of ambrosia {unknown}
 A - a potion of attraction


   Skills:
 + Level 8.0 Fighting
 + Level 8.1 Dodging
 + Level 8.5 Unarmed Combat
 + Level 5.9 Shapeshifting


You had 9 spell levels left.
You didn't know any spells.
Your spell library contained the following spells:

 Spells                   Type           Power      Damage    Failure   Level
 Static Discharge         Conj/Air       0%         3-3/arc   30%         2
 Airstrike                Air            0%         2d(0-16)  90%         4
 Animate Dead             Necr           0%         N/A       90%         4
 Summon Lightning Spire   Summ/Air       0%         N/A       90%         4
 Borgnjor's Vile Clutch   Necr/Erth      0%         N/A       99%         5
 Death Channel            Necr           0%         N/A       100%        6


Dungeon Overview and Level Annotations

Branches:
Dungeon (8/15)             Temple (0/1) D:7         Ossuary (visited)
 Bailey (1/1)
   Lair: D:8-11

Altars:
Fedhas
Gozag
Hepliaklqana
Kikubaaqudgha
Okawaru
Trog
Xom
The Shining One

Shops:
D:1 (   D:6 !


Innate Abilities, Weirdness & Mutations

You are a hulking beast.
Your limbs bulge with bestial killing power. (Slay +3)
You cannot wear most types of armour.
You are amphibious.
You can wear up to eight rings at the same time.
Your skin changes colour to match your surroundings (Stealth+).
Your rubbery body absorbs attacks. (AC +1, EV +1)
You are camouflaged when in or above water. (Stealth+)
You have tentacles for arms and can constrict up to eight enemies at once.


Message History

a +0 trident; 2 javelins; a +0 chain mail You tentacle-slap the centaur but do no damage.
The orc warrior hits you from afar with a +0 spear!
The orc warrior hits you from afar with a +0 trident.
You block the centaur's attack. The centaur kicks you.
You bludgeon the centaur! You squeeze the centaur.
The centaur is severely wounded.
The centaur hits you with a +0 trident. The centaur closely misses you.
You block the orc warrior's attack. The orc warrior misses you.
Unknown command.
You tentacle-slap the centaur but do no damage.
The centaur is severely wounded.
You block the centaur's attack. The centaur misses you.
Unknown command.
Unknown command.
You tentacle-slap the centaur. Your squeeze misses the centaur.
The centaur is severely wounded.
The orc misses you.
The orc warrior hits you from afar with a +0 spear!
* * * LOW HITPOINT WARNING * * *
You block the orc warrior's attack. The centaur hits you with a +0 trident!
* * * LOW HITPOINT WARNING * * *
The centaur kicks you but does no damage.
Unknown command.
You enter the deep water.
The centaur closely misses you. The centaur barely misses you.
The orc warrior attacks as it pursues you!
The orc warrior closely misses you.
You tentacle-slap the centaur.
The centaur is almost dead.
The centaur hits you with a +0 trident.
* * * LOW HITPOINT WARNING * * *
The centaur kicks you.
* * * LOW HITPOINT WARNING * * *
Unknown command.
The orc warrior attacks as it pursues you!
The orc warrior hits you from afar with a +0 spear.
* * * LOW HITPOINT WARNING * * *
The centaur throws a javelin.
The javelin pierces through you!
You die...

..≈≈≈.≈≈≈≈#
....≈.≈≈≈≈#
..⌠.≈≈.≈≈≈#
.....≈.≈≈≈#
≈....≈≈.≈≈#
≈≈≈...≈.≈≈#
~~≈≈..≈)≈≈#
≈≈~~.ooc≈≈#
~~≈≈.o≈o≈h#
≈≈≈...≈.≈≈#
≈....≈≈.≈≈#
.....≈.≈≈≈#
..⌠.≈≈.≈≈≈#
....≈.≈≈≈≈#
.≈≈≈.≈≈≈≈#
≈..≈≈≈≈≈#


You could see 2 orc warriors, a centaur and 2 orcs.

Vanquished Creatures
  Pikel (D:7)
  Joseph (D:7)
  Eustachio (D:4)
  A steam dragon (D:7)
  Menkaure (D:5)
  Duvessa (D:5)
  An orc warrior (D:6)
  3 ice beasts
  A black bear (D:5)
  A sky beast (D:7)
  2 centaurs
  4 lemures (D:6)
  2 bullfrogs
  2 kobold brigands
  Blork the orc (D:4)
  4 scorpions
  6 water moccasin zombies (Ossuary)
  A burial acolyte (Ossuary)
  Dowan (D:5)
  9 killer bees (D:7)
  4 bombardier beetles
  5 hounds
  A jelly (D:6)
  2 orc priests
  Crazy Yiuf (D:3)
  A gnoll bouda (D:8)
  A sleepcap (D:5)
  Ijyb (D:3)
  An iguana (D:7)
  Natasha (twice) (D:4)
  5 orc wizards
  A bullfrog simulacrum (Ossuary)
  A crocodile zombie (Ossuary)
  2 mummies (Ossuary)
  Robin (D:3)
  8 gnolls
  9 adders
  4 white imps
  2 ufetubi (D:7)
  2 adder zombies (Ossuary)
  3 worms
  2 dart slugs (D:1)
  18 orcs
  8 bats
  3 endoplasms
  2 giant cockroaches
  10 gnoll zombies (Ossuary)
  15 goblins
  8 hobgoblins
  16 jackals
  10 kobolds
  3 quokkas
  9 ball pythons
  3 frilled lizards
  3 jackal zombies (Ossuary)
  2 orc zombies (Ossuary)
  24 rats
237 creatures vanquished.

Vanquished Creatures (others)
  An orc (Bailey)
1 creature vanquished.

Grand Total: 238 creatures vanquished

Notes
Turn   | Place    | Note
-------+----------+-------------------------------------------
     0 | D:1      | fold the Octopode Shapeshifter began the quest for the Orb.
     0 | D:1      | Reached XP level 1. HP: 13/13 MP: 1/1
    37 | D:1      | Found Peuthreon's Weapon Shop.
   443 | D:1      | Reached XP level 2. HP: 15/18 MP: 2/2
   861 | D:2      | Reached XP level 3. HP: 23/23 MP: 3/3
  1014 | D:2      | Reached XP level 4. HP: 18/29 MP: 4/4
  1576 | D:2      | Found a bloodstained altar of Trog.
  1590 | D:2      | Became a worshipper of Trog the Wrathful
  1617 | D:2      | Reached XP level 5. HP: 35/35 MP: 5/5
  2027 | D:3      | Noticed Ijyb
  2031 | D:3      | Paralysed by Ijyb for 3 turns
  2050 | D:3      | Killed Ijyb
  2249 | D:3      | Reached XP level 6. HP: 41/41 MP: 6/6
  2462 | D:3      | Noticed Robin
  2489 | D:3      | Reached * piety under Trog
  2556 | D:3      | Found a runed translucent door.
  2557 | D:3      | Noticed Crazy Yiuf
  2566 | D:3      | Killed Crazy Yiuf
  2746 | D:3      | Found a faded altar of an unknown god.
  2782 | D:3      | Found a blossoming altar of Fedhas.
  2784 | D:3      | Found a hazy altar of Hepliaklqana.
  2789 | D:3      | Found a glowing golden altar of the Shining One.
  2851 | D:3      | Killed Robin
  3014 | D:4      | Noticed an ice beast
  3021 | D:4      | Killed an ice beast
  3219 | D:4      | Noticed Blork the orc
  3226 | D:4      | Killed Blork the orc
  3227 | D:4      | Reached XP level 7. HP: 46/46 MP: 7/7
  3666 | D:4      | Noticed Natasha
  3669 | D:4      | Killed Natasha
  3752 | D:4      | Noticed Eustachio
  3757 | D:4      | Killed Eustachio
  3758 | D:4      | Reached skill level 5 in Unarmed Combat
  3850 | D:4      | Reached ** piety under Trog
  3888 | D:4      | Noticed Natasha
  3896 | D:4      | Killed Natasha
  3978 | D:4      | Reached skill level 5 in Shapeshifting
  3978 | D:4      | Reached XP level 8. HP: 54/54 MP: 8/8
  4152 | D:5      | Entered Level 5 of the Dungeon
  4205 | D:5      | Reached skill level 5 in Dodging
  4796 | D:5      | Reached skill level 5 in Fighting
  4818 | D:5      | Found an iron altar of Okawaru.
  4871 | D:5      | Noticed Duvessa
  4872 | D:5      | Noticed Dowan
  4886 | D:5      | Killed Duvessa
  4890 | D:5      | Killed Dowan
  4901 | D:5      | Found an ancient bone altar of Kikubaaqudgha.
  4902 | D:5      | Found a shimmering altar of Xom.
  5697 | D:5      | Noticed Menkaure
  5704 | D:5      | Killed Menkaure
  5705 | D:5      | Reached XP level 9. HP: 62/62 MP: 9/9
  5976 | D:5      | Found a bloodstained altar of Trog.
  6339 | D:6      | Found Humuh's Distillery.
  6342 | D:6      | Bought a potion of heal wounds for 70 gold pieces
  6961 | D:7      | Found a sand-covered staircase.
  6966 | Ossuary  | Entered an ossuary
  6990 | Ossuary  | Reached *** piety under Trog
  7401 | D:7      | Found a staircase to the Ecumenical Temple.
  7552 | D:7      | Noticed Joseph
  7561 | D:7      | Killed Joseph
  7562 | D:7      | Reached XP level 10. HP: 71/71 MP: 10/10
  7573 | D:7      | Reached **** piety under Trog
  8059 | D:7      | Noticed Pikel
  8224 | D:7      | Killed Pikel
  8604 | D:7      | Found an opulent altar of Gozag.
  8850 | D:8      | Found a flagged portal.
  8918 | Bailey   | Entered a bailey
  8960 | Bailey   | Hit by a javelin thrown by a centaur

Illustrated notes

Levels and vault maps discovered:
D:1:      matt_arrival_los_fun, layout_basic, serial_shops, shop,
          corexii_corridor_pit
D:2:      layout_rooms, basic_altar, nicolae_eternal_life
D:3:      layout_basic, minitemple, hellmonk_ecumenical_altar_heavens_door,
          uniq_robin, uniq_crazy_yiuf_cottage, uniq_ijyb
D:4:      layout_loops_ring, roderic_lattice_a, minmay_rat_hole,
          uniq_blork_the_orc, uniq_eustachio, uniq_natasha
D:5:      layout_loops_corners, grunt_temple_overflow_open,
          mainiacjoe_overflow_alcove_1, chequers_serial_rivers_micro_a,
          kennysheep_big_empty_room, nicolae_underground_beach, uniq_duvessa,
          uniq_menkaure
D:6:      layout_rooms, serial_shops, nicolae_shop_tiny_real_fake_doors
D:7:      layout_basic, mainiacjoe_overflow_small_starburst, temple_fountains,
          enter_ossuary_2, uniq_pikel, uniq_joseph
D:8:      layout_loops_ring, enter_bailey_3
Bailey:   bailey_polearm_flooded_kennysheep, bailey

Skill      XL: |  1  2  3  4  5  6  7  8  9 10 |
---------------+-------------------------------+-----
Fighting       | 2 3 4 6 7 8 |  8.0
Dodging        | 3 4 6 7 8 |  8.1
Unarmed Combat | 4 5 6 8 |  8.5
Shapeshifting  | 4 5 |  5.9

Action                     |  1- 3 |  4- 6 |  7- 9 | 10-12 || total
---------------------------+-------+-------+-------+-------++-------
  Melee: Unarmed           |    65 |   110 |   247 |    81 ||   503
         Constrict         |    18 |    25 |    74 |    23 ||   140
         Tentacles         |    10 |    19 |    65 |    21 ||   115
         Punch             |     2 |     4 |    19 |     4 ||    29
 Invoke: Berserk           |       |     2 |     6 |     1 ||     9
         Trog's Hand       |       |       |     2 |       ||     2
  Evoke: Wand              |       |     2 |       |       ||     2
    Use: Scroll            |     3 |     1 |    13 |     1 ||    18
         Potion            |       |       |       |     6 ||     6
   Stab: Sleeping          |     6 |     4 |     5 |       ||    15
         Paralysed         |       |     2 |       |       ||     2
 Armour: Skin              |    17 |    42 |    94 |    60 ||   213
  Dodge: Dodged            |    44 |    63 |   115 |    92 ||   314
  Block: Other             |       |       |    25 |    28 ||    53
         Reflection        |       |       |     1 |     1 ||     2
   Form: Beast             |     1 |       |       |       ||     1
         Flux              |     1 |       |       |       ||     1

Table legend: (Time is in decaauts)
 A = Elapsed time spent in this place.
 B = Non-inter-level travel time spent in this place.
 C = Inter-level travel time spent in this place.
 D = Time resting spent in this place.
 E = Time spent auto-exploring this place.
 F = Levels seen in this place.
 G = Mean time per level.
                   A        B        C        D        E       F      G
               +--------+--------+--------+--------+--------+-----+--------+
         Total |   8985 |   8804 |    181 |   3619 |   3609 |  10 |  898.5 |
       Dungeon |   8715 |   8534 |    181 |   3568 |   3609 |   8 | 1089.4 |
       Ossuary |    233 |    233 |      0 |     51 |      0 |   1 |  233.0 |
        Bailey |     37 |     37 |      0 |      0 |      0 |   1 |   37.0 |
               +--------+--------+--------+--------+--------+-----+--------+

Top non-repeatable levels by time:
     D:5: 1981 daAuts
     D:7: 1371 daAuts
     D:3: 1304 daAuts
     D:4: 1172 daAuts
     D:6: 933 daAuts
     D:2: 869 daAuts
     D:1: 829 daAuts
     D:8: 254 daAuts
 Ossuary: 233 daAuts
  Bailey: 37 daAuts
